 Dungeon Crawl Stone Soup version 0.30-a0-241-g1121274140 (webtiles) character file.

Game seed: 12645241853638130133

646 qw the Chopper (level 7, -2/44 HPs)
             Began as a Gargoyle Fighter on Oct 10, 2022.
             Slain by an ice beast (6 damage)
             ... on level 5 of the Dungeon.
             The game lasted 00:01:36 (4166 turns).

qw the Chopper (Gargoyle Fighter)                   Turns: 4166, Time: 00:01:37

Health: -2/44      AC: 16    Str: 22    XL:     7   Next: 52%
Magic:  7/7        EV:  7    Int:  8    God:
Gold:   270        SH:  4    Dex:  9    Spells: 6/6 levels left

rFire   . . .      SeeInvis .    Y - +0 war axe
rCold   . . .      Faith    .    c - +0 buckler
rNeg    + . .      Spirit   .    j - +0 chain mail
rPois   inf        Reflect  .    p - +1 helmet
rElec   +          Harm     .    (no cloak)
rCorr   .          Rampage  .    (no gloves)
Will    .....                    (no boots)
Stlth   ..........               (no amulet)
HPRegen 0.27/turn                (no ring)
MPRegen 0.10/turn                (no ring)

@: no status effects
A: sickness immunity, AC +4, negative energy resistance 1, electricity
resistance, torment resistance 1, petrification resistance
a: no special abilities


You were on level 5 of the Dungeon.
You visited 1 branch of the dungeon, and saw 5 of its levels.

You collected 270 gold pieces.


Innate Abilities, Weirdness & Mutations

You are immune to sickness and miasma.
Your stone body is resilient. (AC +4)
You are immune to poison.
You resist negative energy. (rN+)
You are resistant to electric shocks. (rElec)
You are resistant to unholy torment.
You are immune to petrification.


   Skills:
 - Level 4.9 Fighting
 + Level 6.3 Axes
 - Level 3.2 Armour
 - Level 1.8 Dodging
 - Level 3.2 Shields


You had 6 spell levels left.
You didn't know any spells.
Your spell library was empty.

Inventory:

Hand Weapons
 g - a +0 flail
 Y - a +0 war axe (weapon)
Missiles
 s - 2 boomerangs (quivered)
Armour
 c - a +0 buckler (worn)
 j - a +0 chain mail (worn)
 p - a +1 helmet (worn)
Scrolls
 o - a scroll of identify
Potions
 d - 2 potions of might
 h - a potion of haste
 k - a potion of curing
 n - a potion of mutation {unknown}

Dungeon Overview and Level Annotations

Branches:
Dungeon (5/15)
 Temple: D:4-7

Altars:
Gozag
Xom

Shops:
D:4 *


Message History

The ice beast hits you but does no damage.
You barely miss the ice beast.
The ice beast hits you but does no damage. x2
You closely miss the ice beast. The ice beast barely misses you.
You closely miss the ice beast. The ice beast completely misses you.
You slash the ice beast!
The ice beast is heavily wounded.
The ice beast hits you. The ice beast freezes you.
You slash the ice beast!
The ice beast is severely wounded.
You block the ice beast's attack.
The ice beast hits you but does no damage.
You hit the ice beast but do no damage.
The ice beast is severely wounded.
The ice beast hits you but does no damage.
You hit the ice beast but do no damage.
The ice beast is severely wounded.
The ice beast closely misses you.
You closely miss the ice beast.
The ice beast is severely wounded.
The ice beast hits you. The ice beast freezes you!
You closely miss the ice beast.
The ice beast is severely wounded.
The ice beast hits you. The ice beast freezes you!
You barely miss the ice beast.
The ice beast is severely wounded.
The ice beast hits you. The ice beast freezes you!
The ice beast closely misses you.
You barely miss the ice beast.
The ice beast is severely wounded.
You block the ice beast's attack.
You hit the ice beast but do no damage.
The ice beast is severely wounded.
The ice beast hits you but does no damage.
You hit the ice beast.
The ice beast is almost dead.
The ice beast hits you. The ice beast freezes you.
You die...

#########
#<.......
#........
#@.......
.......Y.......
?..............
...............
......#........
...............
......#####....
...... ....


You could see an ice beast.

Vanquished Creatures
  Grinder (D:4)
  Menkaure (D:4)
  An ogre (D:4)
  A scorpion (D:5)
  A hound (D:3)
  8 adders
  A worm (D:2)
  2 dart slugs
  3 orcs
  11 ball pythons
  7 bats
  7 endoplasms
  5 giant cockroaches
  6 hobgoblins
  5 jackals
  5 quokkas
  7 frilled lizards
  5 goblins
  7 kobolds
  10 rats
  A spectral hobgoblin (D:1)
95 creatures vanquished.

Vanquished Creatures (others)
  A plant (D:4)
1 creature vanquished.

Grand Total: 96 creatures vanquished

Notes
Turn   | Place    | Note
-------+----------+-------------------------------------------
     0 | D:1      | qw the Gargoyle Fighter began the quest for the Orb.
     0 | D:1      | Reached XP level 1. HP: 14/14 MP: 1/1
     0 | D:1      | 0 ||| qw: Version: 0.2-a-17-g06abaee
     0 | D:1      | 0 ||| qw: Game counter: 2360
     0 | D:1      | 0 ||| qw: Always use a shield: true
     0 | D:1      | 0 ||| qw: God list: Okawaru
     0 | D:1      | 0 ||| qw: Allow faded altars: false
     0 | D:1      | 0 ||| qw: Do Orc after D:15 true
     0 | D:1      | 0 ||| qw: Do second Lair branch before Depths: true
     0 | D:1      | 0 ||| qw: Lair rune preference: random
     0 | D:1      | 0 ||| qw: Plans: Normal, Zot:1-4, God:TSO, Crypt, Tomb,
                  | Pan, Slime:5, Hells, Abyss, Orb
     0 | D:1      | 0 ||| PLANNING D:1-11
   120 | D:1      | Reached skill level 2 in Axes
   220 | D:1      | Reached XP level 2. HP: 19/19 MP: 2/2
   504 | D:1      | Found a faded altar of an unknown god.
   526 | D:1      | 526 ||| Stepping ~*~*~tactically~*~*~ (hiding).
   537 | D:1      | Reached skill level 3 in Axes
   576 | D:1      | Reached XP level 3. HP: 23/23 MP: 3/3
   917 | D:1      | 917 ||| DROPPING ring of wizardry.
   918 | D:1      | 918 ||| READING scroll labelled ZULITY ANACUZI.
   919 | D:1      | 919 ||| READING scroll labelled ISUALA BUDODIUG.
   920 | D:1      | 920 ||| READING scroll labelled YSKEFO GEVOPT.
   921 | D:1      | 921 ||| DRINKING 2 fuming black potions.
   922 | D:1      | 922 ||| DRINKING 2 lumpy clear potions.
  1011 | D:2      | 1011 ||| Stepping ~*~*~tactically~*~*~ (stealth).
  1362 | D:2      | Reached XP level 4. HP: 19/28 MP: 4/4
  1413 | D:2      | 1413 ||| Stepping ~*~*~tactically~*~*~ (stealth).
  1417 | D:2      | 1417 ||| Stepping ~*~*~tactically~*~*~ (stealth).
  1481 | D:2      | 1481 ||| Stepping ~*~*~tactically~*~*~ (stealth).
  1483 | D:2      | 1483 ||| Stepping ~*~*~tactically~*~*~ (stealth).
  1484 | D:2      | 1484 ||| Stepping ~*~*~tactically~*~*~ (stealth).
  1485 | D:2      | 1485 ||| Stepping ~*~*~tactically~*~*~ (stealth).
  1505 | D:2      | Reached skill level 4 in Axes
  1505 | D:2      | 1505 ||| DROPPING +0 mace.
  1545 | D:2      | 1545 ||| Stepping ~*~*~tactically~*~*~ (hiding).
  1781 | D:2      | 1781 ||| Stepping ~*~*~tactically~*~*~ (stealth).
  2173 | D:2      | 2173 ||| UPGRADING to +0 chain mail.
  2183 | D:2      | 2183 ||| DROPPING +0 scale mail.
  2184 | D:2      | 2184 ||| READING scroll labelled FEANEF GOCUFF.
  2241 | D:3      | Reached XP level 5. HP: 28/32 MP: 5/5
  2387 | D:3      | 2387 ||| Stepping ~*~*~tactically~*~*~ (stealth).
  2533 | D:3      | Reached skill level 5 in Axes
  2675 | D:3      | Found an opulent altar of Gozag.
  2675 | D:3      | Found a shimmering altar of Xom.
  2714 | D:3      | 2714 ||| DROPPING amulet of magic regeneration.
  2715 | D:3      | 2715 ||| READING scroll labelled HUASMAADA.
  2716 | D:3      | 2716 ||| DRINKING 2 glowing pink potions.
  2717 | D:3      | 2717 ||| DRINKING 2 brown potions.
  2718 | D:3      | 2718 ||| DROPPING potion of brilliance.
  2728 | D:4      | Noticed Menkaure
  2732 | D:4      | 2732 ||| FLEEEEING.
  2733 | D:4      | 2733 ||| FLEEEEING.
  2734 | D:4      | 2734 ||| FLEEEEING.
  2735 | D:4      | 2735 ||| FLEEEEING.
  2736 | D:4      | 2736 ||| FLEEEEING.
  2737 | D:4      | 2737 ||| STAIRDANCE
  2784 | D:4      | Found Heloluoq's General Store.
  2792 | D:4      | HP: 7/32 [Menkaure (3)]
  2793 | D:4      | 2793 ||| DRINKING potion of heal wounds.
  2797 | D:4      | Killed Menkaure
  2798 | D:4      | Reached XP level 6. HP: 27/40 MP: 6/6
  2952 | D:4      | Noticed Grinder
  2956 | D:4      | Paralysed by Grinder for 3 turns
  2964 | D:4      | HP: 10/40 [Grinder (1)]
  2965 | D:4      | Killed Grinder
  2966 | D:4      | Reached skill level 6 in Axes
  2966 | D:4      | Reached XP level 7. HP: 12/44 MP: 7/7
  3091 | D:4      | 3091 ||| Stepping ~*~*~tactically~*~*~ (stealth).
  3117 | D:4      | 3117 ||| Stepping ~*~*~tactically~*~*~ (stealth).
  3142 | D:4      | 3142 ||| Stepping ~*~*~tactically~*~*~ (stealth).
  3213 | D:4      | Reached skill level 1 in Dodging
  3421 | D:4      | 3421 ||| DROPPING +1 whip of freezing.
  3865 | D:4      | 3865 ||| UPGRADING to +0 helmet.
  3870 | D:4      | 3870 ||| READING scroll of enchant armour.
  3870 | D:4      | 3870 ||| ENCHANTING +0 helmet.
  3871 | D:4      | 3871 ||| DROPPING ring of magical power.
  3872 | D:4      | 3872 ||| READING scroll labelled MEQE MUFUT.
  3873 | D:4      | 3873 ||| READING scroll labelled FEARICS LAENG.
  3874 | D:4      | 3874 ||| READING scroll labelled OHUIRE QUNU.
  3878 | D:4      | 3878 ||| READING scroll labelled TUCVYA RAFIASCH.
  3979 | D:4      | 3979 ||| READING scroll labelled FOKINUHILI.
  4010 | D:4      | 4010 ||| DRINKING 2 orange potions.
  4115 | D:4      | 4115 ||| READING 2 scrolls of identify.
  4115 | D:4      | 4115 ||| IDENTIFYING fuming amethyst potion
  4116 | D:4      | 4116 ||| DROPPING potion of invisibility.
  4117 | D:4      | 4117 ||| DROPPING potion of berserk rage.
  4145 | D:5      | Entered Level 5 of the Dungeon
  4146 | D:5      | 4146 ||| PLANNING SEWER
  4163 | D:5      | HP: 5/44 [ice beast (7)]
  4166 | D:5      | Slain by an ice beast

Levels and vault maps discovered:
D:1:      wheals_arrival_linesprint, layout_loops_ring,
          dreamdust_ecumenical_altar_drowned_temple, amethyst_killhole
D:2:      minmay_recursive_quarters, layout_basic
D:3:      layout_rooms, gammafunk_temple_overflow_elements
D:4:      layout_rooms, serial_shops, nicolae_diamond_shop, serial_rivers,
          chequers_serial_rivers_micro_a, chequers_serial_rivers_small_3,
          chequers_serial_rivers_room_a, chequers_serial_rivers_small_b,
          chequers_serial_rivers_small_3, chequers_serial_rivers_room_a,
          serial_bayou_pond_d, nrook_loot_triangle,
          minmay_fractal_squares_diagonal_5, uniq_menkaure, uniq_grinder
D:5:      layout_rooms, mainiacjoe_overflow_catwalk,
          minmay_temple_entry_proselytizer, cheibrodos_sewer_entry_bend

Skill      XL: |  1  2  3  4  5  6  7 |
---------------+----------------------+-----
Axes           | 2 3 4 5 6 |  6.3
Fighting       | 4 |  4.9
Dodging        | 1 |  1.8
Armour         | |  3.2
Shields        | |  3.2

Action                   |  1- 3 |  4- 6 |  7- 9 || total
-------------------------+-------+-------+-------++-------
Melee: War axe           |   157 |   125 |    55 ||   337
Throw: Boomerang         |       |       |     1 ||     1
  Use: Scroll            |     3 |     2 |     7 ||    12
       Potion            |     2 |     3 |     1 ||     6
Armor: Scale mail        |    78 |    38 |       ||   116
       Chain mail        |       |    48 |    30 ||    78
Dodge: Dodged            |    71 |    56 |    11 ||   138
Block: Buckler           |    27 |    28 |     9 ||    64

Table legend:
 A = Non-vault XP
 B = Vault XP
 C = Vault XP percentage of total XP
 D = Non-vault monster count
 E = Vault monster count
 F = Vault count percentage of total count
                 A         B        C        D         E       F
            +---------+---------+-------+---------+---------+-------
      Total |     455 |     468 |  50.7 |      75 |      20 |  21.1
            +---------+---------+-------+---------+---------+-------
        D:1 |      41 |       1 |   2.4 |      26 |       1 |   3.7
        D:2 |      83 |      14 |  14.4 |      22 |       9 |  29.0
        D:3 |      98 |       0 |   0.0 |      19 |       0 |   0.0
        D:4 |     146 |     453 |  75.6 |       7 |      10 |  58.8
        D:5 |      87 |       0 |   0.0 |       1 |       0 |   0.0
            +---------+---------+-------+---------+---------+-------
